AoeStats
← Mr. Penis

Black Forest

503891060Analyzed
4v4 RM · 1mo ago on Sep 2, 2026· 47m 47s· 8 players
Game mode
Random Map
Map size
Large (8 player)
Population
200
Speed
Normal
Resources
Standard
Victory
Conquest
Starting age
Dark Age
Ending age
Imperial Age
RankedLock teamsTeams togetherTeam positionsShared explorationLock speedFull tech treeHidden civsTurbo modeCheats
Victory
Defeat
🇨🇿 Persians · Czechia
1163
+16
🇷🇺 Jurchens · Russia
1159
+17
🇮🇹 Portuguese · Italy
1143
+17
🇬🇧 Romans · United Kingdom
1134
+18
🇸🇰 Bohemians · Slovakia
1210
-19
🇦🇹 Muisca · Austria
1189
-18
🇮🇳 Britons · India
1157
-16
🇲🇽 Spanish · Mexico
1139
-16
Mr. Penis
11:31 Feudal Age
15:30 Castle Age
13:22 Double-Bit Axe
16:30 Bow Saw
18:54 Horse Collar
19:56 Wheelbarrow
19:55 Loom
19:56 Town Watch
21:44 Heavy Plow
22:39 Fishing Lines
24:09 Gold Mining
24:36 Stone Mining
25:22 Gold Shaft Mining
25:53 Bloodlines
26:11 Husbandry
26:44 Scale Barding Armor
28:27 Hand Cart
28:12 Town Patrol
29:29 Stone Shaft Mining
29:22 Gillnets
32:44 Imperial Age
31:00 Masonry
31:51 Coinage
31:58 Chain Barding Armor
31:57 Herbal Medicine
32:36 Forging
32:56 Fortified Bastions
33:53 Iron Casting
33:09 Fletching
33:44 Ballistics
34:27 Banking
34:07 Guilds
34:38 Crop Rotation
35:15 Two-Man Saw
34:42 Conscription
35:27 Hoardings
34:32 Elite Steppe Lancer
35:57 Siege Engineers
38:11 Plate Barding Armor
38:45 Blast Furnace
37:54 Bodkin Arrow
37:43 Treadmill Crane
40:49 Caravan
40:54 Bracer
48:04 Caravan
King lou lou
0:33 Loom
15:47 Feudal Age
16:30 Double-Bit Axe
16:28 Horse Collar
25:11 Castle Age
25:27 Wheelbarrow
24:37 Town Watch
25:56 Scale Barding Armor
26:01 Forging
25:49 Stone Mining
26:57 Bloodlines
30:52 Bow Saw
30:59 Gold Mining
36:39 Imperial Age
35:06 Heavy Plow
36:43 Squires
37:29 Ballistics
36:49 Man-at-Arms
38:03 Conscription
37:30 Long Swordsman
38:56 Masonry
39:48 Chemistry
39:14 Legionary
39:21 Capped Ram
40:12 Scale Mail Armor
40:48 Iron Casting
43:37 Siege Ram
47:31 Comitatenses
47:38 Chain Mail Armor
SNOWMAN
2:32 Loom
12:13 Feudal Age
12:40 Double-Bit Axe
14:12 Horse Collar
16:03 Wheelbarrow
19:12 Castle Age
20:37 Bow Saw
20:31 Heavy Plow
23:03 Town Watch
28:35 Town Patrol
28:51 Hand Cart
32:59 Imperial Age
31:11 Masonry
31:15 Fortified Wall
31:16 Fletching
31:28 Padded Archer Armor
31:49 Gold Mining
31:50 Stone Mining
32:06 Bodkin Arrow
32:28 Murder Holes
32:54 Ballistics
33:05 Caravan
33:29 Scale Barding Armor
33:35 Forging
33:41 Bloodlines
33:31 Husbandry
35:00 Chemistry
34:31 Architecture
35:02 Bracer
34:44 Cavalier
35:50 Chain Barding Armor
36:07 Iron Casting
36:43 Conscription
37:26 Plate Barding Armor
39:02 Light Cavalry
43:03 Arquebus
43:54 Elite Organ Gun
47:23 Blast Furnace
46:59 Plate Barding Armor
poky.pok
11:24 Feudal Age
15:42 Castle Age
13:48 Double-Bit Axe
16:51 Horse Collar
21:01 Loom
22:10 Heavy Plow
23:25 Wheelbarrow
23:39 Bow Saw
24:05 Gold Mining
25:14 Stone Mining
25:42 Hand Cart
27:55 Bloodlines
27:31 Fishing Lines
28:08 Gillnets
28:32 Scale Barding Armor
28:37 Forging
31:05 Imperial Age
29:40 Gold Shaft Mining
30:55 Stone Shaft Mining
31:14 Iron Casting
30:59 Chain Barding Armor
32:26 Chemistry
33:17 Two-Man Saw
33:19 Crop Rotation
34:22 Blast Furnace
33:42 Chain Barding Armor
35:28 Husbandry
36:11 Plate Barding Armor
35:30 Light Cavalry
35:43 Elite War Elephant
37:12 Hussar
39:15 Devotion
39:52 Cavalier
41:49 Savar
46:22 Hoardings
46:00 Citadels
46:12 Murder Holes
48:12 Ballistics
47:59 Caravan
Megatron
0:31 Loom
15:18 Feudal Age
19:39 Castle Age
17:34 Horse Collar
17:41 Double-Bit Axe
19:23 Town Watch
22:02 Fletching
27:21 Bodkin Arrow
29:58 Bow Saw
30:03 Heavy Plow
32:09 Gold Mining
32:09 Stone Mining
33:46 Wheelbarrow
35:18 Gold Shaft Mining
37:22 Imperial Age
36:01 Ballistics
36:07 Hand Cart
35:52 Town Patrol
36:50 Caravan
37:33 Elite Longbowman
38:24 Warwolf
38:45 Bracer
38:46 Padded Archer Armor
40:46 Two-Man Saw
41:29 Conscription
41:54 Padded Archer Armor
44:55 Hoardings
45:26 Scale Mail Armor
45:36 Forging
46:47 Chemistry
45:28 Treadmill Crane
45:53 Siege Engineers
45:44 Murder Holes
46:37 Leather Archer Armor
46:35 Squires
45:56 Pikeman
46:21 Arson
47:17 Halberdier
Jomaloro
0:32 Loom
13:18 Feudal Age
17:43 Castle Age
16:24 Double-Bit Axe
19:24 Bow Saw
26:20 Wheelbarrow
25:32 Horse Collar
25:43 Fishing Lines
27:41 Fervor
28:47 Hand Cart
29:05 Bloodlines
29:41 Heavy Plow
33:34 Imperial Age
32:04 Scale Barding Armor
32:21 Gillnets
32:41 Gold Mining
33:02 Inquisition
33:31 Redemption
34:15 Caravan
34:40 Conscription
33:56 Cavalier
36:08 Chemistry
35:29 Ballistics
36:40 Two-Man Saw
36:08 Block Printing
36:19 Illumination
36:17 Sanctity
36:13 Husbandry
37:13 Paladin
39:29 Town Watch
Bantum
9:32 Loom
12:28 Feudal Age
15:16 Double-Bit Axe
17:09 Fishing Lines
22:44 Castle Age
20:45 Gold Mining
24:05 Bow Saw
25:22 Coinage
25:45 Wheelbarrow
29:34 Hand Cart
31:50 Imperial Age
29:40 Hand Cart
30:05 Gold Shaft Mining
30:05 Sanctity
29:56 Fervor
30:00 Redemption
31:01 Forging
30:51 Scale Mail Armor
31:56 Elite Temple Guard
33:26 Theocracy
33:36 Block Printing
33:49 Illumination
34:08 Squires
35:12 Banking
35:02 Stone Mining
37:23 Atonement
39:18 Onager
43:13 Chain Mail Armor
43:33 Iron Casting
45:18 Plate Mail Armor
Saky
5:11 Loom
12:56 Feudal Age
16:53 Castle Age
15:29 Fishing Lines
16:47 Double-Bit Axe
18:26 Gillnets
19:08 Bow Saw
23:51 Horse Collar
26:43 Wheelbarrow
29:51 Imperial Age
28:33 Caravan
30:19 Ballistics
31:00 Chemistry
30:00 Heavy Scorpion
33:06 Two-Man Saw
32:24 Hand Cart
33:22 Wagenburg Tactics
32:52 Houfnice
46:44 Squires
46:07 Pikeman
Connection lost

Rejoining the realm…

Still unreachable

The connection could not be restored.

Session expired

The server has moved on; the page needs a fresh start.